[Event "EYCC Open U14 2021"]
[Site "Tornelo"]
[Date "2021.10.15"]
[Round "1.1"]
[White "Shamatava, Nikolozi"]
[Black "Khubukshanov, Erdem"]
[Result "0-1"]
[ECO "D30"]
[WhiteElo "1864"]
[BlackElo "2373"]
[Annotator "ChessBase"]
[PlyCount "56"]
[EventDate "2021.10.15"]
[EventType "swiss"]
[EventCountry "NET"]
[SourceTitle "playchess.com"]
[Source "ChessBase"]
[SourceQuality "1"]
[TimeControl "5400+30"]

1. d4 d5 2. c4 e6 3. Nf3 c6 4. Qc2 Nf6 5. g3 dxc4 6. Qxc4 b5 7. Qc2 Bb7 8. Bg2 Nbd7 9. O-O c5 10. dxc5 Bxc5 11. Nc3 Rc8 12. a3 Qb6 13. e4 O-O 14. Bg5 h6 15. Bxf6 Nxf6 16. Rac1 a5 17. e5 Ng4 18. Qe2 b4 19. Na4 Bxf2+ 20. Kh1 Qe3 21. Qxe3 Bxe3 22. Rxc8 Rxc8 23. h3 Nf2+ 24. Kh2 Bc6 25. Re1 Bxa4 26. Rxe3 Nd1 27. Re2 Rc2 28. Re4 Bc6 0-1

[Event "EYCC Open U14 2021"]
[Site "Tornelo"]
[Date "2021.10.15"]
[Round "1.2"]
[White "Klimkowski, Jan"]
[Black "Jakovic, Roko"]
[Result "1-0"]
[ECO "B94"]
[WhiteElo "2366"]
[BlackElo "1854"]
[Annotator "NA"]
[PlyCount "109"]
[EventDate "2021.10.15"]
[EventType "swiss"]
[EventCountry "NET"]
[SourceTitle "playchess.com"]
[Source "ChessBase"]
[SourceQuality "1"]
[TimeControl "5400+30"]

1. e4 c5 2. Nf3 d6 3. d4 cxd4 4. Nxd4 Nf6 5. Nc3 a6 6. Nb3 e5 7. Bg5 Be7 8. Bxf6 Bxf6 9. Qd3 Be6 $14 10. O-O-O Be7 11. g3 O-O 12. f4 Nc6 13. Kb1 Rc8 14. Qe3 Qc7 15. h4 b5 16. Bh3 Rcd8 17. f5 Bxb3 18. cxb3 Nd4 19. Rc1 Qb7 20. Nd5 Bf6 21. g4 Rc8 22. g5 Bd8 23. Rxc8 Qxc8 24. Rc1 Qb7 25. f6 Ne6 26. fxg7 Kxg7 27. Bf5 Nd4 28. Bc8 Qa7 29. Qf2 Nc6 30. Qxa7 Nxa7 31. Bxa6 h6 32. a4 b4 33. Nxb4 hxg5 34. hxg5 Bxg5 35. Rc7 Be3 36. Nd5 Bd4 37. b4 Rh8 38. b5 Rh1+ 39. Rc1 Rxc1+ 40. Kxc1 Kf8 41. b6 Nc6 42. Bb5 Na5 43. b4 Nb3+ 44. Kc2 Na1+ 45. Kd3 Nb3 46. a5 Nc1+ 47. Kc4 f5 48. a6 f4 49. a7 f3 50. a8=Q+ Kg7 51. Qb7+ Kh6 52. Nf6 Kg5 53. Qg7+ Kf4 54. Nd5+ Kxe4 55. Qg4# 1-0

[Event "EYCC Open U14 2021"]
[Site "Tornelo"]
[Date "2021.10.15"]
[Round "1.3"]
[White "Strand, Vetle Bjorge"]
[Black "Macias Pino, Diego"]
[Result "1/2-1/2"]
[ECO "D00"]
[WhiteElo "1833"]
[BlackElo "2365"]
[Annotator "NA"]
[PlyCount "134"]
[EventDate "2021.10.15"]
[EventType "swiss"]
[EventCountry "NET"]
[SourceTitle "playchess.com"]
[Source "ChessBase"]
[SourceQuality "1"]
[TimeControl "5400+30"]

1. d4 d5 2. Bf4 Nf6 3. e3 c5 4. c3 e6 5. Bd3 Qb6 6. Qc2 Bd6 7. Bg3 Bd7 8. Nf3 Bxg3 9. hxg3 Nc6 10. Nbd2 $11 h6 11. O-O Rc8 12. dxc5 Qxc5 13. Rac1 Qa5 14. Qb1 O-O 15. e4 dxe4 16. Nxe4 Nxe4 17. Bxe4 f5 18. Bc2 e5 19. Bb3+ Kh8 20. Rcd1 Rcd8 21. Rd5 Qc7 22. Rfd1 e4 23. Nd4 Ne7 24. Rxd7 Qxd7 25. Ne6 Qc8 26. Rxd8 Rxd8 27. Nxd8 Qxd8 28. Qd1 Qc7 29. Qd4 b6 30. g4 fxg4 31. Qxe4 h5 32. Qe3 Kh7 33. Qg5 g6 34. Qf6 Nc6 35. Qf7+ Qxf7 36. Bxf7 Ne5 37. Bd5 Nd3 38. b4 Kh6 39. Kf1 Kg5 40. g3 Kf5 41. Ke2 Ne5 42. c4 g5 43. c5 bxc5 44. bxc5 Kf6 45. c6 Ke7 46. Ke3 Kd6 47. Ke4 Nf3 48. Kf5 Nd4+ 49. Kg6 h4 50. Bh1 hxg3 51. fxg3 Ne2 52. Kxg5 Nxg3 53. Bg2 Ne2 54. Kxg4 a5 55. Kf3 Nc3 56. Ke3 Nxa2 57. Kd4 Nb4 58. Kc4 Nxc6 59. Bxc6 Kxc6 60. Kb3 Kb5 61. Ka3 a4 62. Ka2 Kb4 63. Kb2 a3+ 64. Ka2 Ka4 65. Ka1 Kb3 66. Kb1 a2+ 67. Ka1 Ka3 1/2-1/2

[Event "EYCC Open U14 2021"]
[Site "Tornelo"]
[Date "2021.10.15"]
[Round "1.4"]
[White "Habans Aguerrea, Javier"]
[Black "Pashikyan, Rudolf"]
[Result "1/2-1/2"]
[ECO "E04"]
[WhiteElo "2308"]
[BlackElo "1831"]
[Annotator "NA"]
[PlyCount "98"]
[EventDate "2021.10.15"]
[EventType "swiss"]
[EventCountry "NET"]
[SourceTitle "playchess.com"]
[Source "ChessBase"]
[SourceQuality "1"]
[TimeControl "5400+30"]

1. d4 d5 2. c4 e6 3. Nf3 Nf6 4. g3 dxc4 5. Bg2 Nc6 6. Qa4 Bb4+ 7. Bd2 Nd5 8. Bxb4 Ndxb4 9. O-O Rb8 $11 10. Nc3 a6 11. Ne5 O-O 12. Nxc6 Nxc6 13. Bxc6 bxc6 14. Qxc4 Rxb2 15. e3 Qd6 16. Ne4 Qd5 17. Qxd5 cxd5 18. Nc5 f6 19. Rfb1 Rb6 20. a4 e5 21. a5 Rc6 22. Rb8 Bg4 23. Rab1 exd4 24. exd4 Be2 25. Rxf8+ Kxf8 26. Rb8+ Ke7 27. Rg8 Kf7 28. Rd8 Rd6 29. Rc8 Rc6 30. f4 h5 31. Kf2 Bc4 32. Ke3 Bb5 33. Kd2 Bc4 34. Kc3 Bb5 35. Kb4 Kg6 36. Rd8 Bc4 37. Rd7 f5 38. h4 Kf6 39. Rd8 Ke7 40. Rc8 Bb5 41. Rb8 Bc4 42. Rh8 Rh6 43. Rc8 Rc6 44. Ka4 Bb5+ 45. Kb4 Bc4 46. Ra8 Rg6 47. Ra7 Kd8 48. Ra8+ Ke7 49. Rc8 Rc6 1/2-1/2

[Event "EYCC Open U14 2021"]
[Site "Tornelo"]
[Date "2021.10.15"]
[Round "1.5"]
[White "Gudmundsson, Gunnar Erik"]
[Black "Seemann, Jakub"]
[Result "0-1"]
[ECO "E92"]
[WhiteElo "1830"]
[BlackElo "2299"]
[Annotator "ChessBase"]
[PlyCount "78"]
[EventDate "2021.10.15"]
[EventType "swiss"]
[EventCountry "NET"]
[SourceTitle "playchess.com"]
[Source "ChessBase"]
[SourceQuality "1"]
[TimeControl "5400+30"]

1. d4 Nf6 2. c4 g6 3. Nc3 Bg7 4. e4 d6 5. Nf3 O-O 6. Be2 e5 7. Be3 Ng4 8. Bg5 f6 9. Bc1 exd4 10. Nxd4 f5 11. h3 Ne5 12. exf5 gxf5 13. O-O f4 14. Re1 Nbc6 15. Nxc6 bxc6 16. Bf3 Rb8 17. Re4 Qh4 18. Qe2 Bd7 19. b3 Bxh3 20. Bd2 Nxf3+ 21. Qxf3 Bg4 22. Rxf4 Rxf4 23. Qxf4 Be5 24. Qg5+ Qxg5 25. Bxg5 Bxc3 26. Rc1 Be5 27. f3 Bf5 28. Be3 c5 29. Rd1 a5 30. g4 Be6 31. Rd3 a4 32. f4 Bg7 33. f5 Bf7 34. Kg2 Be5 35. Kf3 Be8 36. g5 Bc6+ 37. Kg4 Be4 38. Rd2 axb3 39. axb3 Rxb3 0-1

[Event "EYCC Open U14 2021"]
[Site "Tornelo"]
[Date "2021.10.15"]
[Round "1.6"]
[White "Vergara Anton, Diego"]
[Black "Aamodt, Peder Marcus"]
[Result "1-0"]
[ECO "E04"]
[WhiteElo "2258"]
[BlackElo "1808"]
[Annotator "ChessBase"]
[PlyCount "39"]
[EventDate "2021.10.15"]
[EventType "swiss"]
[EventCountry "NET"]
[SourceTitle "playchess.com"]
[Source "ChessBase"]
[SourceQuality "1"]
[TimeControl "5400+30"]

1. d4 Nf6 2. Nf3 d5 3. c4 e6 4. g3 dxc4 5. Bg2 Nc6 6. O-O a6 7. a4 Rb8 8. e3 Be7 9. Nfd2 Na5 10. Qc2 O-O 11. Rd1 Nd5 12. Nxc4 Nxc4 13. Qxc4 b5 14. axb5 axb5 15. Qe2 b4 16. Nd2 Bb7 17. Nb3 Ra8 18. Bd2 Rxa1 19. Rxa1 Nf4 20. exf4 1-0

[Event "EYCC Open U14 2021"]
[Site "Tornelo"]
[Date "2021.10.15"]
[Round "1.7"]
[White "Ribeiro, Gustavo"]
[Black "Olenik Campa, Rudi"]
[Result "0-1"]
[ECO "A21"]
[WhiteElo "1801"]
[BlackElo "2245"]
[Annotator "NA"]
[PlyCount "112"]
[EventDate "2021.10.15"]
[EventType "swiss"]
[EventCountry "NET"]
[SourceTitle "playchess.com"]
[Source "ChessBase"]
[SourceQuality "1"]
[TimeControl "5400+30"]

1. c4 g6 2. g3 Bg7 3. Bg2 d6 4. Nc3 e5 5. d3 Ne7 6. Rb1 c6 7. Bg5 h6 8. Bxe7 Qxe7 9. e3 O-O 10. Nge2 f5 11. O-O g5 $11 12. f4 Nd7 13. Qd2 Nf6 14. fxe5 dxe5 15. Rbe1 Be6 16. d4 Bxc4 17. Rxf5 Ng4 18. Rxf8+ Rxf8 19. h3 Nf6 20. e4 Rd8 21. Qe3 Ng4 22. hxg4 exd4 23. Qf2 dxc3 24. bxc3 c5 25. Bf1 Be5 26. Nf4 gxf4 27. Bxc4+ Kh8 28. gxf4 Bxc3 29. Qh2 Qg7 30. Re2 Qxg4+ 31. Kf2 Bd4+ 32. Ke1 h5 33. Bd5 Qf3 34. f5 c4 35. Qg2 Bc3+ 36. Kd1 Qd3+ 37. Kc1 Bb4 38. f6 Ba3+ 39. Rb2 Bxb2+ 40. Qxb2 Qf1+ 41. Kc2 Qe2+ 42. Kc3 Qxb2+ 43. Kxb2 h4 44. Kc3 Kh7 45. Be6 Kg6 46. e5 b5 47. a4 a6 48. axb5 axb5 49. Kb4 Re8 50. f7 Rf8 51. Kxb5 c3 52. Bb3 h3 53. e6 Kf6 54. Kc6 Ke7 55. Bd1 h2 56. Bf3 c2 0-1

[Event "EYCC Open U14 2021"]
[Site "Tornelo"]
[Date "2021.10.15"]
[Round "1.8"]
[White "Tarhan, Adar"]
[Black "Aleksanyan, Davit"]
[Result "0-1"]
[ECO "C54"]
[WhiteElo "2208"]
[BlackElo "1795"]
[Annotator "NA"]
[PlyCount "107"]
[EventDate "2021.10.15"]
[EventType "swiss"]
[EventCountry "NET"]
[SourceTitle "playchess.com"]
[Source "ChessBase"]
[SourceQuality "1"]
[TimeControl "5400+30"]

1. e4 e5 2. Nf3 Nc6 3. Bc4 Nf6 4. d3 Bc5 5. c3 d6 6. h3 h6 7. b4 Bb6 8. O-O O-O 9. a4 a5 10. b5 Ne7 11. Re1 Ng6 12. Nbd2 Nf4 13. Nf1 N6h5 14. d4 $11 Qf6 15. Ng3 Nxg3 16. fxg3 Be6 17. Bf1 Ng6 18. Kh2 Rad8 19. d5 Bc8 20. Bd3 Ne7 21. Rf1 Qg6 22. g4 Qh7 23. Qe2 g5 24. Nd2 Bc5 25. Nb3 b6 26. Nxc5 dxc5 27. Bb2 f6 28. Rf3 Ng6 29. Raf1 Nf4 30. Qe3 h5 31. gxh5 Qxh5 32. Rg3 Kf7 33. Bc2 Rh8 34. Bd1 Qh4 35. Kg1 Bxh3 36. gxh3 Nxh3+ 37. Rxh3 Qxh3 38. Qxh3 Rxh3 39. c4 Ke7 40. Bf3 g4 41. Bg2 Rb3 42. Rf2 Rb4 43. Bf1 Rxa4 44. Rh2 Rf8 45. Rh4 Rb4 46. Bc1 Rb1 47. Be3 a4 48. Rxg4 a3 49. Bh6 a2 50. Bxf8+ Kxf8 51. Rg6 Kf7 52. Rh6 a1=Q 53. Rh7+ Kg6 54. Rxc7 0-1

[Event "EYCC Open U14 2021"]
[Site "Tornelo"]
[Date "2021.10.15"]
[Round "1.9"]
[White "Safarov, Deniel"]
[Black "Palczert, Matyas"]
[Result "0-1"]
[ECO "B43"]
[WhiteElo "1785"]
[BlackElo "2204"]
[Annotator "NA"]
[PlyCount "68"]
[EventDate "2021.10.15"]
[EventType "swiss"]
[EventCountry "NET"]
[SourceTitle "playchess.com"]
[Source "ChessBase"]
[SourceQuality "1"]
[TimeControl "5400+30"]

1. e4 c5 2. Nf3 e6 3. d4 cxd4 4. Nxd4 Nc6 5. Nc3 Qc7 6. Nb3 a6 7. Bd3 Nf6 8. O-O d6 9. f4 Be7 10. Qf3 O-O 11. Be3 Rb8 12. Kh1 b5 13. Qh3 h6 $11 14. Rf3 b4 15. Ne2 Rd8 16. Rg3 Kf8 17. Rf1 a5 18. e5 dxe5 19. fxe5 Nxe5 20. Bf4 a4 21. Nbd4 Rd5 22. Re3 Bd7 23. Bxh6 Neg4 24. Bf4 Bd6 25. Qg3 Nxe3 26. Qxe3 e5 27. Nf5 Bxf5 28. Bxf5 exf4 29. Qh3 Kg8 30. Bd3 Rh5 31. Qf3 Qb7 32. Nxf4 Qxf3 33. Rxf3 Bxf4 34. Rxf4 Re5 0-1

[Event "EYCC Open U14 2021"]
[Site "Tornelo"]
[Date "2021.10.15"]
[Round "1.10"]
[White "Zlatkov, Anton"]
[Black "Seyid, Huseyn"]
[Result "1-0"]
[ECO "B14"]
[WhiteElo "2154"]
[BlackElo "1781"]
[Annotator "NA"]
[PlyCount "100"]
[EventDate "2021.10.15"]
[EventType "swiss"]
[EventCountry "NET"]
[SourceTitle "playchess.com"]
[Source "ChessBase"]
[SourceQuality "1"]
[TimeControl "5400+30"]

1. e4 c6 2. d4 d5 3. exd5 cxd5 4. c4 Nf6 5. Nc3 g6 6. Qb3 Bg7 7. cxd5 O-O 8. Be2 Na6 9. Bf3 Qb6 10. Qxb6 axb6 11. Nge2 Nb4 12. O-O Rd8 13. d6 Rxd6 14. Bf4 Rd7 15. Rfd1 Nfd5 16. Nxd5 Nxd5 17. Bxd5 Rxd5 18. Rac1 Bf5 19. f3 h5 20. h3 Bf6 21. g4 hxg4 22. hxg4 Be6 23. a3 Rb5 24. Rd2 Rb3 25. Kf2 g5 26. Be3 Bd5 27. Nc3 Rd8 28. Ne4 Kg7 29. Rh1 Kg6 30. Rh5 Bxe4 31. fxe4 e5 32. d5 Be7 33. Rc2 f6 34. Rh3 Bc5 35. Re2 Rc8 36. Rf3 Bxe3+ 37. Rfxe3 Rxe3 38. Kxe3 Rc1 39. Kd3 Rg1 40. Kc4 Rg3 41. b4 Rxa3 42. Kb5 Kf7 43. Kxb6 Rb3 44. b5 Rb4 45. Rc2 Ke7 46. Kc7 Rxe4 47. d6+ Ke6 48. d7 Rd4 49. d8=Q Rxd8 50. Kxd8 f5 1-0

[Event "EYCC Open U14 2021"]
[Site "Tornelo"]
[Date "2021.10.15"]
[Round "1.11"]
[White "Gasparyan, Erik R."]
[Black "Kanov, Nikola"]
[Result "1-0"]
[ECO "A37"]
[WhiteElo "1777"]
[BlackElo "2150"]
[Annotator "NA"]
[PlyCount "107"]
[EventDate "2021.10.15"]
[EventType "swiss"]
[EventCountry "NET"]
[SourceTitle "playchess.com"]
[Source "ChessBase"]
[SourceQuality "1"]
[TimeControl "5400+30"]

1. Nf3 c5 2. g3 g6 3. Bg2 Bg7 4. O-O Nc6 5. c4 Nh6 6. Nc3 Nf5 7. d3 O-O 8. Bd2 d6 9. Rb1 Rb8 10. a3 b6 11. b4 Bb7 12. b5 Ne5 13. Nxe5 dxe5 14. a4 Qd7 15. a5 Bxg2 16. Kxg2 Qb7+ 17. Kg1 Rfd8 18. Ra1 e4 19. Nxe4 Bxa1 20. Qxa1 Nd4 21. Qd1 f5 22. Nc3 e5 23. Bg5 Rd6 24. e4 Rf8 25. f4 exf4 26. Bxf4 Re6 27. e5 Rfe8 28. a6 Qg7 29. Qd2 g5 30. Bxg5 Rxe5 31. Nd5 R8e6 32. Be3 Qg4 33. Qf2 f4 34. Bxd4 Re2 35. Qxf4 Qxf4 36. Nxf4 cxd4 37. Nxe6 Rxe6 38. Rf4 Rd6 39. Kf2 Kg7 40. Kf3 Rd7 41. Ke4 Kg6 42. Ke5 Kg5 43. h4+ Kh5 44. Rxd4 Rg7 45. Re4 Rxg3 46. d4 Rg8 47. d5 Re8+ 48. Kd4 Rd8 49. Re7 h6 50. Rxa7 Kxh4 51. Rb7 h5 52. a7 Ra8 53. d6 Kg3 54. d7 1-0

[Event "EYCC Open U14 2021"]
[Site "Tornelo"]
[Date "2021.10.15"]
[Round "1.12"]
[White "Lavrencic, Matic"]
[Black "Nemsadze, Daviti"]
[Result "1-0"]
[ECO "B67"]
[WhiteElo "2149"]
[BlackElo "1744"]
[Annotator "NA"]
[PlyCount "113"]
[EventDate "2021.10.15"]
[EventType "swiss"]
[EventCountry "NET"]
[SourceTitle "playchess.com"]
[Source "ChessBase"]
[SourceQuality "1"]
[TimeControl "5400+30"]

1. e4 c5 2. Nf3 d6 3. d4 cxd4 4. Nxd4 Nf6 5. Nc3 Nc6 6. Bg5 e6 7. Qd2 a6 8. O-O-O Bd7 9. f3 Be7 10. Be3 b5 11. Nxc6 Bxc6 12. Kb1 Qc7 13. g4 b4 14. Ne2 d5 15. g5 Nd7 16. Nd4 Bb7 $16 17. exd5 Bxd5 18. Bg2 Nb6 19. Nf5 Rd8 20. Qf2 Na4 21. Nxg7+ Kf8 22. Nh5 Qc4 23. b3 Nc3+ 24. Ka1 Nxd1 25. Rxd1 Qc6 26. Bd4 Rg8 27. Nf6 Bxf6 28. Bxf6 Rc8 29. Qd4 a5 30. Qe3 Qxc2 31. Rxd5 Rg6 32. Rd7 Ke8 33. Qd2 Qc1+ 34. Qxc1 Rxc1+ 35. Kb2 Kxd7 36. Kxc1 h6 37. f4 e5 38. f5 Rxg5 39. Bxg5 hxg5 40. Kd2 Kd6 41. Ke3 f6 42. h3 Kc5 43. Ke4 Kd6 44. Kd3 Kc5 45. Be4 Kb5 46. Ke3 Kc5 47. Ba8 Kd6 48. Kf3 Kc5 49. Kg4 Kd4 50. Kh5 e4 51. Kg6 e3 52. Bf3 Kc3 53. Kxf6 Kb2 54. Kxg5 Kxa2 55. f6 a4 56. f7 axb3 57. f8=Q 1-0

[Event "EYCC Open U14 2021"]
[Site "Tornelo"]
[Date "2021.10.15"]
[Round "2.1"]
[White "Khubukshanov, Erdem"]
[Black "Colev, Ivor"]
[Result "1-0"]
[ECO "B52"]
[WhiteElo "2373"]
[BlackElo "2004"]
[Annotator "ChessBase"]
[PlyCount "69"]
[EventDate "2021.10.15"]
[EventType "swiss"]
[EventCountry "NET"]
[SourceTitle "playchess.com"]
[Source "ChessBase"]
[SourceQuality "1"]
[TimeControl "5400+30"]

1. e4 c5 2. Nf3 d6 3. Bb5+ Bd7 4. Bxd7+ Nxd7 5. O-O Ngf6 6. Qe2 e6 7. c4 Be7 8. d4 cxd4 9. Nxd4 O-O 10. b3 a6 11. Nc3 Rc8 12. Bb2 Qa5 13. Kh1 Rfe8 14. f4 Qh5 15. Nf3 Bd8 16. Rad1 Bc7 17. e5 dxe5 18. g4 Nxg4 19. Rxd7 e4 20. Ng5 e3 21. Rxf7 h6 22. Nce4 e5 23. Ng3 Nf2+ 24. Rxf2 Qxe2 25. Rxe2 hxg5 26. Rd7 gxf4 27. Nf5 Kh8 28. Rxg7 Rg8 29. Rxc7 Rxc7 30. Bxe5+ Kh7 31. Bxc7 f3 32. Rxe3 f2 33. Rh3+ Kg6 34. Ne3 Rf8 35. Kg2 1-0

[Event "EYCC Open U14 2021"]
[Site "Tornelo"]
[Date "2021.10.15"]
[Round "2.2"]
[White "Zhugin, Nikolay"]
[Black "Klimkowski, Jan"]
[Result "1/2-1/2"]
[ECO "B94"]
[WhiteElo "2009"]
[BlackElo "2366"]
[Annotator "ChessBase"]
[PlyCount "89"]
[EventDate "2021.10.15"]
[EventType "swiss"]
[EventCountry "NET"]
[SourceTitle "playchess.com"]
[Source "ChessBase"]
[SourceQuality "1"]
[TimeControl "5400+30"]

1. e4 c5 2. Nf3 d6 3. d4 cxd4 4. Nxd4 Nf6 5. Nc3 a6 6. Bg5 Nbd7 7. f4 Qc7 8. Qe2 e5 9. Nf5 b5 10. a3 h6 11. Bxf6 Nxf6 12. g4 Bb7 13. Bg2 g6 14. fxe5 dxe5 15. Ne3 Be7 16. O-O O-O 17. Kh1 Rad8 18. Rf2 Rd4 19. Ncd5 Bxd5 20. Nxd5 Nxd5 21. exd5 Bh4 22. Rff1 Bg5 23. Rad1 Bf4 24. Rxd4 exd4 25. h3 Be5 26. Be4 Qe7 27. Qf3 Bd6 28. Bd3 Qe5 29. Rf2 Kg7 30. h4 Qe1+ 31. Kg2 Qe5 32. h5 Qg5 33. Qe4 Qe5 34. Qxe5+ Bxe5 35. hxg6 fxg6 36. Re2 Bd6 37. Re4 Rf4 38. Rxf4 Bxf4 39. b3 Kf6 40. a4 bxa4 41. bxa4 a5 42. Kf3 Bb8 43. Ke4 Ba7 44. Be2 Bb6 45. Bd1 1/2-1/2

[Event "EYCC Open U14 2021"]
[Site "Tornelo"]
[Date "2021.10.15"]
[Round "2.3"]
[White "Seemann, Jakub"]
[Black "Poupalos, Nikolaos"]
[Result "1-0"]
[ECO "E14"]
[WhiteElo "2299"]
[BlackElo "1964"]
[Annotator "NA"]
[PlyCount "61"]
[EventDate "2021.10.15"]
[EventType "swiss"]
[EventCountry "NET"]
[SourceTitle "playchess.com"]
[Source "ChessBase"]
[SourceQuality "1"]
[TimeControl "5400+30"]

1. d4 Nf6 2. c4 e6 3. Nf3 Bb4+ 4. Nbd2 O-O 5. a3 Bxd2+ 6. Qxd2 a5 7. b3 b6 8. e3 Bb7 9. Be2 d6 10. O-O Nbd7 11. Bb2 Qe7 12. Qc2 c5 13. dxc5 bxc5 14. Nd2 e5 15. f3 Rfe8 16. Rfd1 Nf8 17. Nb1 d5 $11 18. cxd5 Nxd5 19. Bc1 e4 20. Bc4 Red8 21. f4 Ne6 22. Re1 f5 23. Bb2 Kh8 24. Nd2 Nexf4 25. exf4 Nxf4 26. Nf3 e3 27. Qxf5 Rf8 28. Qg5 Qc7 29. Be5 Qd7 30. Rad1 Ne2+ 31. Bxe2 1-0

[Event "EYCC Open U14 2021"]
[Site "Tornelo"]
[Date "2021.10.15"]
[Round "2.4"]
[White "Zakharov, Alexey O."]
[Black "Vergara Anton, Diego"]
[Result "1/2-1/2"]
[ECO "C00"]
[WhiteElo "1962"]
[BlackElo "2258"]
[Annotator "NA"]
[PlyCount "69"]
[EventDate "2021.10.15"]
[EventType "swiss"]
[EventCountry "NET"]
[SourceTitle "playchess.com"]
[Source "ChessBase"]
[SourceQuality "1"]
[TimeControl "5400+30"]

1. e4 e6 2. d3 d5 3. Nd2 Nf6 4. Ngf3 c5 5. g3 Be7 6. Bg2 Nc6 7. O-O b6 8. e5 Nd7 9. Re1 Qc7 10. Qe2 Bb7 11. h4 O-O-O 12. a3 h6 13. h5 Rdg8 14. c4 d4 15. b4 cxb4 16. Nb3 Rd8 17. axb4 Bxb4 18. Nbxd4 $14 Nxd4 19. Nxd4 Bxg2 20. Nb5 Qxe5 21. Qxe5 Nxe5 22. Rxe5 Bf3 23. Re3 Bb7 24. Nxa7+ Kd7 25. Nb5 Ra8 26. Rb1 Be7 27. Bb2 f6 28. Nd4 Bc5 29. Rxe6 Ra2 30. Bc3 Rha8 31. Re2 R8a3 32. Rxa2 Rxa2 33. Kf1 Bf3 34. Ra1 Rxa1+ 35. Bxa1 1/2-1/2

[Event "EYCC Open U14 2021"]
[Site "Tornelo"]
[Date "2021.10.15"]
[Round "2.5"]
[White "Olenik Campa, Rudi"]
[Black "Stevanovic, Jovan"]
[Result "1/2-1/2"]
[ECO "A38"]
[WhiteElo "2245"]
[BlackElo "1930"]
[Annotator "ChessBase"]
[PlyCount "120"]
[EventDate "2021.10.15"]
[EventType "swiss"]
[EventCountry "NET"]
[SourceTitle "playchess.com"]
[Source "ChessBase"]
[SourceQuality "1"]
[TimeControl "5400+30"]

1. Nf3 Nf6 2. g3 c5 3. Bg2 Nc6 4. O-O d6 5. c4 g6 6. Nc3 Bg7 7. d3 O-O 8. a3 Ne8 9. Rb1 a6 10. Bd2 b5 11. cxb5 axb5 12. Nxb5 Rb8 13. Nc3 Be6 14. Qc1 Bb3 15. Bh6 Qd7 16. Bxg7 Kxg7 17. Ne4 Nc7 18. Ned2 Bd5 19. b4 cxb4 20. axb4 Kg8 21. Ne4 Bxe4 22. dxe4 Rb5 23. h4 Na6 24. Qh6 Rh5 25. Qd2 Rb5 26. Kh2 Rfb8 27. Bh3 Qd8 28. Qh6 Qf8 29. Qxf8+ Kxf8 30. Bd7 Naxb4 31. Rfc1 R5b6 32. h5 Kg7 33. Kg2 Ne5 34. Nxe5 dxe5 35. Rc5 Kf6 36. Rb3 e6 37. Rf3+ Ke7 38. Ba4 Kd6 39. Rc1 R6b7 40. hxg6 hxg6 41. Rd1+ Ke7 42. Rh1 Kf8 43. Rc3 Na6 44. Rc6 Rb6 45. Rh8+ Kg7 46. Rxb8 Rxc6 47. Bxc6 Nxb8 48. Bb5 Kf8 49. Kh3 Ke7 50. Kh4 f6 51. f4 exf4 52. gxf4 Kd6 53. Kg4 Nc6 54. e5+ fxe5 55. Bxc6 Kxc6 56. fxe5 Kd5 57. Kg5 Kxe5 58. Kxg6 Ke4 59. Kf6 Ke3 60. Kxe6 Kxe2 1/2-1/2

[Event "EYCC Open U14 2021"]
[Site "Tornelo"]
[Date "2021.10.15"]
[Round "2.6"]
[White "Palczert, Matyas"]
[Black "Veselov, Yaroslav"]
[Result "1/2-1/2"]
[ECO "B40"]
[WhiteElo "2204"]
[BlackElo "1922"]
[Annotator "ChessBase"]
[PlyCount "85"]
[EventDate "2021.10.15"]
[EventType "swiss"]
[EventCountry "NET"]
[SourceTitle "playchess.com"]
[Source "ChessBase"]
[SourceQuality "1"]
[TimeControl "5400+30"]

1. e4 c5 2. Nf3 e6 3. g3 Nc6 4. Bg2 d5 5. exd5 Qxd5 6. Nc3 Qd8 7. d3 Nf6 8. Be3 Be7 9. d4 cxd4 10. Nxd4 Bd7 11. Qe2 Nxd4 12. Bxd4 Bc6 13. Bxc6+ bxc6 14. O-O-O Qa5 15. Qe5 Qxe5 16. Bxe5 Rd8 17. Rd4 Bc5 18. Rxd8+ Kxd8 19. Rd1+ Ke7 20. Bd4 Bb6 21. a4 Rd8 22. Bxb6 axb6 23. Rxd8 Kxd8 24. f3 c5 25. Ne4 Nxe4 26. fxe4 Kd7 27. Kd2 Kc6 28. b3 b5 29. Kd3 Kb6 30. Kd2 Ka5 31. axb5 Kxb5 32. c3 c4 33. b4 e5 34. Kc2 g5 35. h3 h5 36. Kd2 g4 37. hxg4 hxg4 38. Kc2 Kb6 39. Kb2 Ka6 40. Ka3 Kb5 41. Kb2 Kb6 42. Ka2 Ka6 43. Ka3 1/2-1/2

[Event "EYCC Open U14 2021"]
[Site "Tornelo"]
[Date "2021.10.15"]
[Round "2.7"]
[White "Prazak, Daniel"]
[Black "Zlatkov, Anton"]
[Result "1/2-1/2"]
[ECO "B52"]
[WhiteElo "1945"]
[BlackElo "2154"]
[Annotator "NA"]
[PlyCount "92"]
[EventDate "2021.10.15"]
[EventType "swiss"]
[EventCountry "NET"]
[SourceTitle "playchess.com"]
[Source "ChessBase"]
[SourceQuality "1"]
[TimeControl "5400+30"]

1. e4 c5 2. Nf3 d6 3. Bb5+ Bd7 4. Bxd7+ Qxd7 5. c4 Nf6 6. Nc3 Nc6 7. d4 cxd4 8. Nxd4 e6 9. Be3 Be7 10. O-O O-O 11. f3 Rfd8 12. Rc1 Rac8 13. Qe2 d5 14. cxd5 exd5 15. exd5 Nxd5 16. Nxd5 Qxd5 17. Nxc6 bxc6 18. Bxa7 Bf6 (18... Bd6 $11) 19. b3 $1 c5 20. Bb6 Bd4+ 21. Kh1 Rd6 22. Bxc5 Bxc5 23. b4 $1 Rdc6 24. bxc5 Rxc5 25. Rxc5 Qxc5 26. a4 g6 27. Qb5 Qxb5 28. axb5 Kf8 29. Rb1 Ke7 30. Kg1 Kd6 31. Kf2 Rc2+ 32. Kg3 Kc7 33. b6+ (33. Ra1 $18 {and White stays clearly on top.}) 33... Kb7 $16 34. Rb4 f6 35. h4 Rc6 36. Kf4 Rxb6 37. Rxb6+ Kxb6 38. g4 Kc6 39. g5 Kd6 40. gxf6 h6 41. h5 Ke6 42. hxg6 Kxf6 43. Kg4 Kxg6 44. f4 h5+ 45. Kh4 Kf5 46. Kxh5 Kxf4 1/2-1/2

[Event "EYCC Open U14 2021"]
[Site "Tornelo"]
[Date "2021.10.15"]
[Round "2.8"]
[White "Cuzovic, Ognjen"]
[Black "Lavrencic, Matic"]
[Result "0-1"]
[ECO "D05"]
[WhiteElo "1930"]
[BlackElo "2149"]
[Annotator "NA"]
[PlyCount "160"]
[EventDate "2021.10.15"]
[EventType "swiss"]
[EventCountry "NET"]
[SourceTitle "playchess.com"]
[Source "ChessBase"]
[SourceQuality "1"]
[TimeControl "5400+30"]

1. d4 Nf6 2. Nf3 d5 3. e3 c5 4. c3 e6 5. Bd3 b6 6. O-O Bb7 7. Nbd2 Bd6 8. Re1 O-O 9. e4 dxe4 10. Nxe4 Nxe4 11. Bxe4 Bxe4 12. Rxe4 Nc6 13. Qd3 $11 cxd4 14. Ng5 dxc3 15. Rd4 g6 16. Rxd6 Qxd6 17. Qxd6 Rfd8 18. Qxd8+ Rxd8 19. Kf1 Rd1+ 20. Ke2 c2 21. Nf3 e5 22. Nd2 Nd4+ 23. Kd3 b5 24. f4 f6 25. fxe5 fxe5 26. Kc3 b4+ 27. Kxb4 Ne2 28. Nb3 e4 29. a4 Kf7 30. a5 Ke6 31. a6 Kd6 32. Be3 Rxa1 33. Nxa1 c1=Q 34. Bxc1 Nxc1 35. Kc3 Kd5 36. Nc2 Ne2+ 37. Kd2 Nf4 38. Ne3+ Kc5 39. h4 Nd3 40. Kc3 Nb4 41. Ng4 Nd5+ 42. Kd2 Kd4 43. g3 h5 44. Nh6 Nb4 45. Nf7 Nxa6 46. Nh8 e3+ 47. Ke2 Nb4 48. Nxg6 Nd3 49. b3 Nc1+ 50. Ke1 Nxb3 51. Nf4 a5 52. Kd1 Ke4 53. Nxh5 Kf3 54. Nf4 a4 55. Kc2 Kxg3 56. Ne2+ Kf2 57. Nc3 Nd4+ 58. Kd3 a3 59. Kxd4 e2 60. Nxe2 a2 61. Nf4 a1=Q+ 62. Ke4 Kg3 63. Ne2+ Kxh4 64. Nd4 Kg4 65. Kd5 Kf4 66. Ne6+ Kf5 67. Nd4+ Kf6 68. Nc6 Qc3 69. Nd4 Qd3 70. Kc5 Ke5 71. Nc6+ Ke4 72. Nb4 Qc3+ 73. Kb5 Kd4 74. Nc6+ Kd5 75. Nb4+ Kd6 76. Na6 Qc6+ 77. Ka5 Qb7 78. Nb4 Kc5 79. Nd3+ Kd4 80. Nb4 Kc4 0-1